 Dungeon Crawl Stone Soup version 0.27-a0-1090-gb115f176c6 (webtiles) character file.

Game seed: 3051443062057281177

56336 tardwrangler69 the Nimble (level 14, -1/77 HPs)
             Began as a Spriggan Venom Mage on Apr 28, 2021.
             Was an Elder of Vehumet.
             Killed by an exploding ball lightning (8 damage)
             ... on level 1 of the Shoals.
             The game lasted 01:09:33 (38067 turns).

tardwrangler69 the Nimble (Spriggan Venom Mage)    Turns: 38067, Time: 01:09:34

Health: -1/77      AC:  7    Str:  4    XL:     14   Next: 41%
Magic:  22/33      EV: 26    Int: 27    God:    Vehumet [****..]
Gold:   948        SH:  0    Dex: 16    Spells: 11/25 levels left

rFire    . . .     SeeInvis +   B - staff of air
rCold    . . .     Faith    .   (shield currently unavailable)
rNeg     . . .     Spirit   .   T - +2 robe {Will+}
rPois    .         Reflect  .   (helmet restricted)
rElec    +         Harm     .   y - +2 cloak {Stlth+}
rCorr    .         Rampage  .   (gloves unavailable)
Will     +++..                  (boots unavailable)
Stlth    +++.......             (no amulet)
HPRegen  0.22/turn              h - +6 ring of intelligence
MPRegen  0.23/turn              x - ring of magical power

@: very quick
A: very small, no large weapons, unfitting armour, see invisible, speed 3
a: Renounce Religion


You were on level 1 of the Shoals.
You worshipped Vehumet.
Vehumet was greatly pleased with you.
You visited 5 branches of the dungeon, and saw 22 of its levels.

You collected 1650 gold pieces.
You spent 702 gold pieces at shops.

Inventory:

Hand Weapons
 C - a +8 vorpal flail
 D - the +6 dagger of Ewomagg {holy, Will+ Str+4}
   (You found it on level 8 of the Dungeon)

   It has been blessed by the Shining One to cause great damage to the undead
   and demons.
   It affects your strength (+4).
   It increases your willpower.
 N - the +8 spear "Tycabayl" {holy, Fly rC- Str-3 Dex+8}
   (You found it on level 7 of the Dungeon)

   It has been blessed by the Shining One to cause great damage to the undead
   and demons.
   It affects your strength (-3).
   It affects your dexterity (+8).
   It makes you vulnerable to cold.
   It grants you flight.
Missiles
 t - 58 poisoned darts
Armour
 b - a +0 buckler
 y - a +2 cloak of stealth (worn)
 z - a +2 robe of positive energy
 T - a +2 robe of willpower (worn)
Magical Staves
 B - a staff of air (weapon)
Jewellery
 h - a +6 ring of intelligence (left hand)
 n - a ring of protection from fire
 x - a ring of magical power (right hand)
 P - a ring of protection from cold
 Q - a ring of poison resistance
Wands
 s - a wand of flame (54)
 w - a wand of charming (24)
 O - a wand of iceblast (13)
 S - a wand of mindburst (10)
 V - a wand of digging (6)
 X - a wand of polymorph (2)
Scrolls
 a - 2 scrolls of identify
 g - 3 scrolls of teleportation
 p - 5 scrolls of enchant weapon
 r - 2 scrolls of amnesia
 u - 4 scrolls of fear
 E - a scroll of vulnerability
 H - 7 scrolls of immolation
 L - 2 scrolls of blinking
 R - 2 scrolls of fog
 U - a scroll of brand weapon
 W - 3 scrolls of enchant armour
 Z - a scroll of magic mapping
Potions
 c - 4 potions of haste
 e - 2 potions of flight
 f - a potion of attraction
 i - 3 potions of curing
 j - 4 potions of ambrosia
 k - 3 potions of cancellation
 l - 2 potions of berserk rage
 m - 2 potions of invisibility
 q - 3 potions of brilliance
 v - a potion of resistance
 A - 2 potions of magic
 G - 4 potions of heal wounds
 J - 4 potions of lignification
 Y - a potion of mutation


   Skills:
 - Level 10.9 Fighting
 - Level 14.1 Dodging
 - Level 3.0 Stealth
 - Level 4.0 Shields
 - Level 6.0 Spellcasting
 - Level 6.4 Conjurations
 - Level 1.3 Transmutations
 * Level 12.8 Air Magic
 - Level 8.0 Poison Magic


You had 11 spell levels left.
You knew the following spells:

 Your Spells              Type           Power      Damage    Failure   Level
a - Sting                 Tmut/Pois      100%       1d8       1%          1
b - Olgreb's Toxic Radia  Pois           50%        N/A       1%          4
c - Conjure Ball Lightni  Conj/Air       37%        3x3d12    5%          6
d - Ignite Poison         Fire/Tmut/Pois 24%        N/A       1%          3

Your spell library contained the following spells:

 Spells                   Type           Power      Damage    Failure   Level
 Orb of Destruction       Conj           21%        9d9       65%         7
 Foxfire                  Conj/Fire      100%       2x1d9     1%          1
 Magic Dart               Conj           100%       1d8       1%          1
 Poisonous Vapours        Pois/Air       100%       N/A       1%          2
 Conjure Flame            Conj/Fire      25%        6-21      1%          3
 Mephitic Cloud           Conj/Pois/Air  72%        N/A       1%          3
 Sticky Flame             Conj/Fire      25%        2d5       4%          4
 Summon Lightning Spire   Summ/Air       59%        N/A       4%          4
 Inner Flame              Hex/Fire       8%         N/A       5%          3
 Blink                    Tloc           N/A        N/A       10%         2
 Call Imp                 Summ           8%         N/A       10%         2
 Slow                     Hex            8%         N/A       10%         2
 Fireball                 Conj/Fire      12%        3d7       13%         5
 Silence                  Hex/Air        29%        N/A       13%         5
 Tornado                  Air            43%        N/A       99%         9


Dungeon Overview and Level Annotations

Branches:
Dungeon (13/15)            Temple (0/1) D:4            Lair (4/6) D:8
 Shoals (1/4) Lair:2       Spider (2/4) Lair:2          Orc (2/2) D:10
    Elf (0/3) Orc:2
 Vaults: D:13-14

Altars:
Ashenzari
Fedhas
Gozag
Hepliaklqana
Kikubaaqudgha
Makhleb
Okawaru
Qazlal
Ru
Trog
Uskayaw
Vehumet
Xom
Yredelemnul
Zin
The Shining One
Beogh

Shops:
D:7 =   Orc:1 *   Orc:2 (*:

Portals:
Trove: D:10 (give 6 potions of haste)

Annotations:
D:4 1 runed translucent door, spiderkeys's ghost, amateur TeSu
D:5 Grinder
D:7 kd29's ghost, novice DrIE
Lair:3 exclusion: hydra
Lair:4 exclusion: oklob plant
Orc:2 Saint Roka


Innate Abilities, Weirdness & Mutations

You are very small and have problems with some larger weapons.
You are too small for most types of armour.
You have supernaturally acute eyesight. (SInv)
You cover ground extremely quickly. (Speed+++)


Message History

Your ball lightning completely resists.
The blast of lightning engulfs the sea snake!!
The sea snake is almost dead.
The blast of lightning engulfs the wind drake!
The wind drake is severely wounded.
The blast of lightning engulfs your ball lightning.
Your ball lightning completely resists.
The blast of lightning engulfs your ball lightning.
Your ball lightning completely resists.
A merfolk avatar comes into view.
Your ball lightning explodes!
The blast of lightning engulfs the merfolk impaler!!
The merfolk impaler is moderately wounded.
The blast of lightning engulfs the wind drake!!
You kill the wind drake!
Vehumet accepts your kill.
You feel your power returning.
The blast of lightning engulfs the sea snake!!
You kill the sea snake!
Vehumet accepts your kill.
You feel your power returning. The blast of lightning engulfs you! You resist.
The blast of lightning engulfs the merfolk!!
The merfolk is almost dead.
The blast of lightning engulfs your ball lightning.
Your ball lightning completely resists.
Your ball lightning explodes!
The blast of lightning engulfs your ball lightning.
Your ball lightning completely resists.
The blast of lightning engulfs you! You resist.
The blast of lightning engulfs the water elemental!
The water elemental resists.
The water elemental is lightly damaged.
The merfolk impaler completely misses you.
The merfolk barely misses you.
The merfolk impaler hits you from afar with a +1 antimagic trident!!
* * * LOW HITPOINT WARNING * * *
You feel your power leaking away.
Your ball lightning explodes!
The blast of lightning engulfs you! You resist.
You die...

≈≈≈≈≈≈≈≈≈≈≈≈≈≈≈
≈≈≈≈≈≈.≈≈≈≈≈≈≈≈
≈≈≈≈≈..≈≈≈≈≈.≈≈
≈≈≈≈...≈≈≈≈≈.≈≈
≈≈≈....?≈≈...
≈≈≈≈...m.m.#
≈≈≈≈≈....m.#
≈≈≈≈...@...#
≈≈≈...÷..≈≈#
≈≈≈k....≈≈≈≈≈..
≈≈≈...$E≈≈≈≈≈≈≈
≈≈≈...#?.≈≈≈≈≈≈
≈≈≈..###...m≈≈≈
≈≈≈.. ...≈≈≈≈
≈≈... ≈≈≈≈≈≈≈


You could see a merfolk avatar, a merfolk impaler, a wind drake (repels
missiles), 2 merfolk and a water elemental.

Vanquished Creatures
  An orc warlord (Orc:1)
  An emperor scorpion (Spider:1)
  A ghost moth (Lair:2)
  2 entropy weavers
  2 hydras
  Erica (Lair:1)
  An ogre mage (D:10)
  A centaur warrior (D:13)
  A catoblepas (Lair:3)
  4 two-headed ogres
  2 orc high priests (Orc:2)
  A deep elf knight (Orc:2)
  A skeletal warrior (D:13)
  A sea snake (Shoals:1)
  10 wolf spiders
  3 orc knights (Orc:2)
  4 harpies (Shoals:1)
  5 orc sorcerers
  A deep elf pyromancer (Orc:2)
  6 orb spiders
  A black mamba (Lair:4)
  Maurice (D:10)
  2 gargoyles
  5 cane toads
  2 rime drakes
  A kobold demonologist (D:13)
  4 komodo dragons
  2 demonic crawlers (Spider:1)
  7 trolls
  4 jumping spiders
  A wind drake (Shoals:1)
  Prince Ribbit (D:6)
  4 hornets
  7 slime creatures (D:12)
  3 blink frogs (Lair:4)
  A meliai zombie (D:10)
  12 redbacks
  A shadow (D:12)
  4 tarantellas
  2 wyverns
  37 yaks
  A basilisk (Lair:1)
  5 vampire mosquitoes
  Edmund (D:5)
  3 wargs
  10 water moccasins
  25 orc warriors
  A hornet zombie (D:6)
  A sky beast (D:6)
  8 ogres
  4 necrophages
  3 black bears
  10 wolves
  5 centaurs
  A phantom (D:5)
  4 kobold brigands
  Blork the orc (D:4)
  7 bullfrogs
  A scorpion (D:5)
  2 water moccasin skeletons
  10 killer bees
  7 wights
  4 howler monkeys
  5 electric eels
  5 centaur zombies
  2 hounds
  A centaur skeleton (D:6)
  3 jellies
  11 orc priests
  Crazy Yiuf (D:4)
  2 gnoll shamans
  Jessica (D:2)
  2 bullfrog skeletons
  2 iguanas
  34 orc wizards
  A hound zombie (D:4)
  A hound skeleton (D:4)
  2 howler monkey zombies (D:9)
  12 gnolls
  6 adders
  A white imp (D:6)
  2 ufetubi (D:4)
  An adder zombie (D:5)
  4 worms
  5 dart slugs
  62 orcs
  6 ball pythons
  11 endoplasms
  10 giant cockroaches
  8 hobgoblins
  7 jackals
  26 kobolds
  4 quokkas
  3 bats
  3 frilled lizards
  2 goblins
  6 rats
517 creatures vanquished.

Vanquished Creatures (collateral kills)
  2 ball lightnings
2 creatures vanquished.

Vanquished Creatures (others)
  104 ball lightnings
  24 fungi
  54 plants
182 creatures vanquished.

Grand Total: 701 creatures vanquished

Notes
Turn   | Place    | Note
-------+----------+-------------------------------------------
     0 | D:1      | tardwrangler69 the Spriggan Venom Mage began the quest for
                  | the Orb.
     0 | D:1      | Reached XP level 1. HP: 9/9 MP: 5/5
   351 | D:1      | Found a faded altar of an unknown god.
   372 | D:1      | You fall into a shaft and drop 1 floor!
   379 | D:2      | Reached XP level 2. HP: 13/13 MP: 0/7
   550 | D:2      | Noticed Jessica
   559 | D:2      | Killed Jessica
   560 | D:2      | Reached XP level 3. HP: 10/16 MP: 4/8
  1302 | D:2      | Noticed a hornet
  2171 | D:2      | Found a broken altar of Ashenzari.
  2194 | D:2      | Reached XP level 4. HP: 21/21 MP: 8/10
  2287 | D:2      | Killed a hornet
  2288 | D:2      | Reached skill level 5 in Poison Magic
  2288 | D:2      | Reached XP level 5. HP: 24/24 MP: 5/13
  2288 | D:2      | Reached XP level 6. HP: 28/28 MP: 5/14
  2877 | D:3      | Reached skill level 5 in Spellcasting
  3294 | D:3      | Found a bloodstained altar of Trog.
  3514 | D:3      | Found a radiant altar of Vehumet.
  3524 | D:3      | Became a worshipper of Vehumet
  4961 | D:4      | Reached * piety under Vehumet
  4961 | D:4      | Offered knowledge of Sandblast by Vehumet.
  5017 | D:4      | Found a runed translucent door.
  5362 | D:4      | Found a staircase to the Ecumenical Temple.
  5396 | D:4      | Found a sacrificial altar of Ru.
  5418 | D:4      | Reached XP level 7. HP: 13/32 MP: 16/16
  5771 | D:4      | Found a runed translucent door.
  5772 | D:4      | Noticed Crazy Yiuf
  5785 | D:4      | Noticed Blork the orc
  5808 | D:4      | Killed Blork the orc
  6044 | D:4      | Noticed spiderkeys's ghost (amateur TeSu)
  6321 | D:4      | Killed Crazy Yiuf
  6429 | D:4      | Learned a level 4 spell: Olgreb's Toxic Radiance
  6457 | D:5      | Entered Level 5 of the Dungeon
  6700 | D:5      | Reached skill level 3 in Dodging
  6870 | D:5      | Reached skill level 4 in Dodging
  6943 | D:5      | Reached skill level 5 in Dodging
  6943 | D:5      | Reached XP level 8. HP: 36/36 MP: 18/18
  7022 | D:5      | Noticed Grinder
  7409 | D:5      | Reached skill level 6 in Dodging
  7764 | D:5      | Offered knowledge of Freeze by Vehumet.
  7765 | D:5      | Reached skill level 7 in Dodging
  7765 | D:5      | Reached ** piety under Vehumet
  8427 | D:6      | Reached skill level 8 in Dodging
  8716 | D:5      | Found a faded altar of an unknown god.
  8716 | D:5      | Noticed Edmund
  8756 | D:5      | Killed Edmund
  8757 | D:5      | Reached skill level 9 in Dodging
  8815 | D:5      | Found a hazy altar of Hepliaklqana.
  9425 | D:6      | Reached skill level 10 in Dodging
  9629 | D:6      | Reached XP level 9. HP: 24/39 MP: 13/19
  9901 | D:6      | Reached skill level 11 in Dodging
 10334 | D:6      | Found a glowing golden altar of the Shining One.
 10334 | D:6      | Found a basalt altar of Yredelemnul.
 10341 | D:6      | Found an iron altar of Okawaru.
 10341 | D:6      | Found an ancient bone altar of Kikubaaqudgha.
 10342 | D:6      | Found a stormy altar of Qazlal.
 10343 | D:6      | Found a glowing silver altar of Zin.
 10381 | D:6      | Noticed Prince Ribbit
 10390 | D:6      | Killed Prince Ribbit
 10391 | D:6      | Reached skill level 12 in Dodging
 11064 | D:7      | Found Ript's Jewellery Emporium.
 11242 | D:7      | Offered knowledge of Inner Flame by Vehumet.
 11355 | D:7      | Reached skill level 13 in Dodging
 11377 | D:7      | Found an opulent altar of Gozag.
 11985 | D:7      | Reached skill level 14 in Dodging
 12271 | D:7      | Identified the +8 spear "Tycabayl" {holy, Fly rC- Str-3
                  | Dex+8}
 12282 | D:7      | Found a runed translucent door.
 12319 | D:7      | Reached *** piety under Vehumet
 12639 | D:7      | Noticed kd29's ghost (novice DrIE)
 12823 | D:8      | Reached skill level 1 in Fighting
 12826 | D:8      | Identified the +5 ring mail "Cuamizeh" {rN++ Regen+ rCorr
                  | Slay-3}
 12839 | D:8      | Identified the +6 dagger of Ewomagg {holy, Will+ Str+4}
 12889 | D:8      | Reached skill level 1 in Shields
 13065 | D:8      | Reached XP level 10. HP: 12/46 MP: 20/20
 13693 | D:8      | Found a staircase to the Lair.
 13995 | D:9      | Offered knowledge of Stone Arrow by Vehumet.
 14385 | D:9      | Found a blossoming altar of Fedhas.
 14479 | D:9      | Reached **** piety under Vehumet
 14585 | D:9      | Offered knowledge of Dazzling Flash by Vehumet.
 14938 | D:10     | Entered Level 10 of the Dungeon
 14958 | D:10     | Found a portal to a secret trove of treasure.
 14978 | D:10     | Reached skill level 5 in Fighting
 15502 | D:10     | Found a shimmering altar of Xom.
 15555 | D:10     | Noticed Maurice
 15674 | D:10     | Found a staircase to the Orcish Mines.
 15703 | D:10     | Reached XP level 11. HP: 53/58 MP: 21/21
 16219 | D:10     | Noticed an ogre mage
 16336 | Lair:1   | Entered Level 1 of the Lair of Beasts
 16336 | Lair:1   | Noticed a seven-headed hydra
 17155 | Lair:1   | Noticed Erica
 17208 | Lair:1   | Killed Erica
 17761 | Lair:1   | HP: 3/60 [cane toad (13)]
 18710 | D:10     | Found a hide-covered altar of Uskayaw.
 18769 | D:10     | Killed an ogre mage
 19269 | D:10     | Killed Maurice
 19968 | Lair:2   | Found a hole to the Spider Nest.
 19985 | Lair:2   | Reached skill level 10 in Fighting
 20726 | Lair:2   | Found a staircase to the Shoals.
 21173 | Lair:3   | Reached XP level 12. HP: 69/69 MP: 22/22
 21203 | Lair:3   | Noticed a catoblepas
 21225 | Lair:3   | Killed a catoblepas
 21537 | Lair:3   | Learned a level 6 spell: Conjure Ball Lightning
 21539 | Lair:3   | Noticed an eight-headed hydra
 21623 | Lair:3   | Reached skill level 1 in Air Magic
 21635 | Lair:3   | Reached ***** piety under Vehumet
 21641 | Lair:3   | Reached skill level 1 in Conjurations
 21880 | Lair:3   | Offered knowledge of Starburst by Vehumet.
 22926 | Lair:4   | Noticed a six-headed hydra
 23347 | Lair:4   | Reached skill level 5 in Air Magic
 23875 | Orc:1    | Entered Level 1 of the Orcish Mines
 23880 | Orc:1    | Learned a level 3 spell: Ignite Poison
 24192 | Orc:1    | Found Fepluol's Assorted Antiques.
 24276 | Orc:2    | Entered Level 2 of the Orcish Mines
 24384 | Orc:2    | Noticed Saint Roka
 24387 | Orc:2    | Found a staircase to the Elven Halls.
 25550 | Orc:1    | Found Fepluol's Assorted Antiques.
 25811 | Orc:2    | Noticed an orc high priest
 25815 | Orc:2    | Reached XP level 13. HP: 57/73 MP: 19/23
 25815 | Orc:2    | Noticed an orc warlord
 26092 | Orc:1    | Killed an orc warlord
 27253 | Orc:2    | Reached skill level 5 in Conjurations
 27497 | Orc:2    | Found a burning altar of Makhleb.
 27506 | Orc:2    | Found Enoc's Antique Weapon Emporium.
 27512 | Orc:2    | Found Muitix's General Store.
 27672 | Orc:1    | Offered knowledge of Lee's Rapid Deconstruction by Vehumet.
 28324 | Orc:2    | Found Cuqe's Book Emporium.
 30816 | Spider:1 | Entered Level 1 of the Spider Nest
 30816 | Spider:1 | Noticed an entropy weaver
 30819 | Spider:1 | Noticed a ghost moth
 30821 | Spider:1 | Killed an entropy weaver
 31734 | Spider:1 | Identified a scroll of acquirement
 31734 | Spider:1 | Acquired a staff of air
 31786 | Spider:1 | Reached skill level 10 in Air Magic
 32413 | Shoals:1 | Entered Level 1 of the Shoals
 34148 | Spider:1 | Reached XP level 14. HP: 48/77 MP: 24/24
 34504 | Spider:1 | Noticed an emperor scorpion
 34607 | Spider:1 | Killed an emperor scorpion
 34607 | Spider:1 | Offered knowledge of Orb of Destruction by Vehumet.
 35443 | D:7      | Bought a +6 ring of intelligence for 702 gold pieces
 37890 | Lair:2   | Killed a ghost moth
 38067 | Shoals:1 | Killed by an exploding ball lightning

Illustrated notes

Levels and vault maps discovered:
D:1:      lightli_arrival_maybe_door_vault, layout_basic,
          chequers_ecumenical_altar_simple_redux, minivault_19, minivault_26
D:2:      layout_basic, basic_altar, uniq_jessica
D:3:      minmay_chambers_of_threes, layout_loops_ring,
          overflow_temple_1_default, lemuel_doored_altar, minivault_19,
          dk_vineyard_2
D:4:      kennysheep_six_static_rooms, layout_basic, nicolae_ru_path_of_blood,
          temple_statues, ebering_ghost_sewer_d, uniq_blork_the_orc,
          uniq_crazy_yiuf_cottage
D:5:      layout_loops_ring, beargit_hepliaklqana_dungeon_heroes, uniq_grinder
D:6:      layout_basic, minitemple, uniq_prince_ribbit1
D:7:      layout_basic, overflow_temple_1_default,
          ebering_ghost_reflecting_pool, enter_bailey_2,
          minmay_shop_enchanted_jewellery
D:8:      layout_loops_cross, lair_entry_dummy, chequers_serial_rivers_small_3,
          corner_web_ring
D:9:      layout_small_grid, old_standard_altar, dk_noncrumbling_3
D:10:     layout_irregular_city, general_overflow_altar, xom_butterflies,
          david_orc_1_choice, nicolae_trove_entry_free_sample,
          lightli_fourway_metalbox, uniq_maurice
D:11:     layout_long_grid
D:12:     layout_long_grid
D:13:     minmay_the_grid_square_5x5_3x3 [minmay_the_grid_square_5x5_c,
          minmay_the_grid_square_5x5_mess, minmay_the_grid_square_5x5_spiral,
          minmay_the_grid_square_5x5_beaten_path,
          minmay_the_grid_square_5x5_megaprize_checkered,
          minmay_the_grid_square_5x5_half_checkered,
          minmay_the_grid_square_5x5_moneybag,
          minmay_the_grid_square_5x5_sharp_hourglass,
          minmay_the_grid_square_5x5_plus], layout_basic
Lair:1:   layout_roguey, grunt_megastairs_3, uniq_erica
Lair:2:   layout_roguey, shoals_dummy_entry, spider_nest_entry_webs,
          ldierk_geyser
Lair:3:   layout_cave_pods, minivault_11
Lair:4:   layout_regular_city, wad_woods_river_01, infiniplex_staircase_pool,
          serial_bayou_shore_a, minmay_lair_oklob_chamber
Shoals:1: layout_shoals, nicolae_shoals_circle_sea_wall, st_sunken_huts,
          uniq_kirke
Spider:1: layout_spider_delve
Spider:2: layout_spider_delve, gammafunk_ghost_split,
          nicolae_spider_twisty_arc_passages
Orc:1:    layout_diamond_mine, serial_shops, shop
Orc:2:    grunt_orc_cross, layout_diamond_mine, basic_altar, elf_legates

Skill      XL: |  1  2  3  4  5  6  7  8  9 10 11 12 13 14 |
---------------+-------------------------------------------+-----
Spellcasting   | 3 4 5 6 |  6.0
Poison Magic   | 4 5 6 8 |  8.0
Dodging        | 5 10 14 | 14.1
Fighting       | 1 6 10 | 10.9
Shields        | 1 4 |  4.0
Air Magic      | 7 11 12 | 12.8
Conjurations   | 4 6 |  6.4
Stealth        | |  3.0
Transmutations | |  1.3

Action                   |  1- 3 |  4- 6 |  7- 9 | 10-12 | 13-15 || total
-------------------------+-------+-------+-------+-------+-------++-------
Melee: Dagger            |     9 |    49 |    23 |    87 |       ||   168
       Flail             |       |       |    93 |   158 |    63 ||   314
       Spear             |       |       |     6 |       |       ||     6
 Fire: Hunting sling     |       |       |    68 |       |       ||    68
 Cast: Sting             |    60 |   135 |   208 |   145 |     8 ||   556
       Olgreb's Toxic Ra |       |       |    38 |   169 |   133 ||   340
       Ignite Poison     |       |       |       |    12 |    82 ||    94
       Conjure Ball Ligh |       |       |       |       |    51 ||    51
Evoke: Wand              |       |       |       |    12 |    11 ||    23
  Use: Scroll            |       |       |       |    26 |     6 ||    32
       Potion            |       |       |       |     4 |     2 ||     6
 Stab: Sleeping          |       |       |     3 |     4 |       ||     7
       Distracted        |       |       |     1 |     2 |     1 ||     4
Armor: Robe              |     4 |    10 |    21 |    29 |    15 ||    79
Dodge: Dodged            |    26 |    75 |   234 |   380 |   192 ||   907
Block: Buckler           |       |       |       |   123 |    40 ||   163

Table legend: (Time is in decaauts)
 A = Elapsed time spent in this place.
 B = Non-inter-level travel time spent in this place.
 C = Inter-level travel time spent in this place.
 D = Time resting spent in this place.
 E = Time spent auto-exploring this place.
 F = Levels seen in this place.
 G = Mean time per level.
                   A        B        C        D        E       F      G
               +--------+--------+--------+--------+--------+-----+--------+
         Total |  30898 |  29013 |   1885 |   4032 |  20320 |  22 | 1404.5 |
       Dungeon |  16921 |  15876 |   1045 |    854 |  12068 |  13 | 1301.6 |
          Lair |   6347 |   5901 |    446 |   1216 |   3921 |   4 | 1586.8 |
        Shoals |      9 |      9 |      0 |      0 |      0 |   1 |    9.0 |
   Spider Nest |   3686 |   3367 |    319 |   1161 |   1903 |   2 | 1843.0 |
  Orcish Mines |   3932 |   3858 |     74 |    800 |   2427 |   2 | 1966.0 |
               +--------+--------+--------+--------+--------+-----+--------+

Top non-repeatable levels by time:
Spider:1: 3546 daAuts
   Orc:2: 2239 daAuts
  Lair:1: 2113 daAuts
     D:7: 1988 daAuts
  Lair:2: 1952 daAuts
     D:4: 1918 daAuts
     D:5: 1817 daAuts
    D:10: 1800 daAuts
   Orc:1: 1692 daAuts
     D:6: 1425 daAuts
     D:8: 1409 daAuts
  Lair:3: 1361 daAuts
     D:2: 1282 daAuts
    D:12: 1253 daAuts
     D:3: 1214 daAuts
